 Dungeon Crawl Stone Soup version 0.29.1-15-g9cfb28693d (webtiles) character file.

Game seed: 623542062254376830

429 Mickster the Shield-Bearer (level 6, -5/52 HPs)
             Began as a Demigod Fighter on Mar 14, 2023.
             Slain by a gnoll
             ... wielding a +0 spear
             ... led by a gnoll bouda
              (8 damage)
             ... on level 6 of the Dungeon.
             The game lasted 00:51:33 (4374 turns).

Mickster the Shield-Bearer (Demigod Fighter)        Turns: 4374, Time: 00:51:33

Health: -5/52      AC:  8    Str: 25    XL:     6   Next: 38%
Magic:  0/8        EV:  9    Int: 24    God:
Gold:   296        SH:  8    Dex: 10    Spells: 5/5 levels left

rFire   + . .      SeeInvis +   i - +2 hammer of the Yoke {venom, rF+ Int+8 Dex-3}
rCold   . . .      Faith    .   c - +0 buckler
rNeg    . . .      Spirit   +   b - +0 scale mail
rPois   .          Reflect  .   (helmet restricted)
rElec   .          Harm     .   w - scarf {+Inv}
rCorr   .          Rampage  .   j - +0 pair of gloves
Will    .....                   (no boots)
Stlth   ..........              r - amulet of guardian spirit
HPRegen 0.17/turn               s - ring of see invisible
MPRegen 0.11/turn               C - +6 ring of intelligence

@: mighty, weakened
A: high MP 1, forlorn, divine attributes, horns 1, talons 1, large bone plates 1
a: Evoke Invisibility


You were on level 6 of the Dungeon.
You visited 1 branch of the dungeon, and saw 6 of its levels.

You collected 296 gold pieces.

Inventory:

Hand Weapons
 a - a +0 war axe
 i - the +2 hammer of the Yoke (weapon) {venom, rF+ Int+8 Dex-3}
   (You found it on level 3 of the Dungeon)

   It poisons the flesh of those it strikes.
   Int:       It affects your intelligence (+8).
   Dex:       It affects your dexterity (-3).
   rF:        It protects you from fire.
 q - a +0 hammer of protection
 y - a +0 hand axe of freezing
 z - a +0 hand axe of venom
Missiles
 f - 24 stones
 g - 5 boomerangs
 o - a throwing net
 t - 3 atropa-tipped darts (quivered)
 x - 2 javelins
Armour
 b - a +0 scale mail (worn)
 c - a +0 buckler (worn)
 j - a +0 pair of gloves (worn)
 k - a +0 troll leather armour
 l - a +1 helmet
 w - a scarf of invisibility (worn)
Jewellery
 h - an amulet of reflection
 r - an amulet of guardian spirit (around neck)
 s - a ring of see invisible (left hand)
 B - a ring of wizardry
 C - a +6 ring of intelligence (right hand)
Wands
 E - a wand of flame (15)
Scrolls
 e - 4 scrolls of identify
 m - 3 scrolls of teleportation
 v - a scroll of poison {unknown}
 A - a scroll of magic mapping {unknown}
 D - a scroll of vulnerability {unknown}
Potions
 n - a potion of brilliance
 u - a potion of degeneration {unknown}


   Skills:
 + Level 3.7 Fighting
 - Level 2.8(3.5) Axes
 * Level 3.2(3.7) Maces & Flails
 * Level 0.9 Throwing
 + Level 3.5 Armour
 + Level 1.0 Dodging
 + Level 0.2 Stealth
 + Level 3.7 Shields


You had 5 spell levels left.
You didn't know any spells.
Your spell library contained the following spells:

 Spells                   Type           Power      Damage    Failure   Level
 Call Canine Familiar     Summ           0%         N/A       80%         3
 Portal Projectile        Hex/Tloc       0%         N/A       80%         3
 Leda's Liquefaction      Hex/Erth       0%         N/A       99%         4
 Olgreb's Toxic Radiance  Pois           0%         N/A       99%         4
 Ozocubu's Refrigeration  Ice            0%         4d7       100%        7
 Ignition                 Fire           0%         3d3       100%        8


Dungeon Overview and Level Annotations

Branches:
Dungeon (6/15)             Temple (0/1) D:5

Shops:
D:1 (

Annotations:
D:3 1 runed translucent door, Crazy Yiuf


Innate Abilities, Weirdness & Mutations

You have an increased reservoir of magic. (+10% MP)
You shall have no god before yourself.
Your divine heritage dramatically boosts your attributes as you level up.
You have a pair of small horns on your head.
You have sharp toenails.
You are partially covered in large bone plates. (SH +4)


Message History

The ice beast looks as sick as possible!
You claw the ice beast, but do no damage.
The ice beast is severely wounded.
You block the scorpion's attack. The gnoll hits you but does no damage.
The iguana bites you. The ice beast barely misses you.
You block the scorpion's attack.
You barely miss the ice beast.
You claw the ice beast, but do no damage.
The ice beast is severely wounded.
The scorpion stings you but does no damage.
You block the gnoll's attack.
The ice beast hits you but does no damage.
You block the iguana's attack. You block the gnoll's attack.
The iguana closely misses you.
The gnoll hits you from afar with a +0 spear!
* * * LOW HITPOINT WARNING * * *
The ice beast hits you but does no damage.
The scorpion stings you.
* * * LOW HITPOINT WARNING * * *
You are poisoned.
The scorpion poisons you! You block the gnoll's attack.
You feel better.
The scorpion stings you but does no damage.
You block the gnoll's attack. x2
The iguana bites you but does no damage.
The ice beast closely misses you.
You feel very mighty all of a sudden. You block the scorpion's attack.
The gnoll barely misses you.
The gnoll bouda gazes fiercely through you!
You feel as though you will be weak longer.
You block the gnoll's attack. The iguana bites you!
* * * LOW HITPOINT WARNING * * *
The ice beast hits you. The ice beast freezes you.
* * * LOW HITPOINT WARNING * * *
You closely miss the ice beast. Your kick misses the ice beast.
The ice beast is almost dead.
You kill the ice beast!
You block the scorpion's attack. You block the gnoll's attack.
The gnoll hits you from afar with a +0 spear!
You die...

##.. ...# #...
...# ##..# .#..#
...# ...# ..##
#..#....
.....#..#..#
#....[.s.# ##@#
.. ##l.##....
.#.#.#gWgg.....?
.......<#g##....
........#... ..
..............
W...........=..
............#..
......<#....#..


You could see a phantom, a gnoll bouda, a scorpion, an iguana and 3 gnolls.

Vanquished Creatures
  An ice beast (D:6)
  An ogre (D:4)
  A jelly (D:5)
  2 hounds
  2 orc priests (D:3)
  2 iguanas (D:4)
  3 gnolls (D:5)
  6 adders
  A white imp (D:5)
  2 worms (D:2)
  12 orcs
  5 endoplasms
  4 goblins
  3 hobgoblins
  A kobold (D:2)
  3 quokkas
  4 ball pythons (D:4)
  4 bats
  A rat (D:3)
58 creatures vanquished.

Vanquished Creatures (others)
  2 plants (D:5)
2 creatures vanquished.

Grand Total: 60 creatures vanquished

Notes
Turn   | Place    | Note
-------+----------+-------------------------------------------
     0 | D:1      | Mickster the Demigod Fighter began the quest for the Orb.
     0 | D:1      | Reached XP level 1. HP: 18/18 MP: 3/3
   244 | D:1      | Gained mutation: You have sharp toenails. [potion of
                  | mutation]
   244 | D:1      | Gained mutation: You are partially covered in large bone
                  | plates. (SH +4) [potion of mutation]
   244 | D:1      | Gained mutation: You have a pair of small horns on your
                  | head. [potion of mutation]
   285 | D:1      | Found Naggioch's Antique Weapon Emporium.
  1198 | D:2      | Reached XP level 2. HP: 26/26 MP: 4/4
  1953 | D:2      | You fall into a shaft and drop 1 floor!
  2116 | D:3      | Reached XP level 3. HP: 22/31 MP: 5/5
  2119 | D:3      | Reached XP level 4. HP: 20/38 MP: 6/6
  2593 | D:3      | Identified the +2 hammer of the Yoke {venom, rF+ Int+8
                  | Dex-3}
  2603 | D:3      | Found a runed translucent door.
  2604 | D:3      | Noticed Crazy Yiuf
  2812 | D:3      | You fall into a shaft and drop 2 floors!
  2812 | D:5      | Entered Level 5 of the Dungeon
  2854 | D:4      | Noticed an ogre
  2867 | D:4      | Killed an ogre
  2868 | D:4      | Reached skill level 1 in Maces & Flails
  2868 | D:4      | Reached XP level 5. HP: 16/45 MP: 3/7
  3667 | D:5      | Reached XP level 6. HP: 46/51 MP: 6/8
  3903 | D:5      | Reached skill level 1 in Dodging
  4328 | D:5      | Found a staircase to the Ecumenical Temple.
  4374 | D:6      | Slain by a gnoll

Illustrated notes

Levels and vault maps discovered:
D:1:      dpeg_arrival_chambers_temple_mockup, layout_loops_ring, serial_shops,
          shop, hellmonk_ecumenical_altar_heavens_door, minmay_misc_feat_plants
D:2:      layout_basic
D:3:      layout_rooms, trog_butcher_becter, uniq_crazy_yiuf_cottage
D:4:      layout_loops_ring, nemelex_diamond_rough_becter,
          ebering_ghost_rock_garden, corexii_item_surrounded_by_moat,
          minivault_27, hangedman_decor_push
D:5:      layout_basic, minmay_temple_entry_junction,
          nicolae_ossuary_entry_monument, guppyfry_early_lair_pool
D:6:      layout_cave_pools, st_stairs_6, grunt_ministairs_12,
          minmay_shop_damaged, minmay_diced_spiral

Skill      XL: |  1  2  3  4  5  6 |
---------------+-------------------+-----
Fighting       | 3 |  3.7
Axes           | 2 |  2.8
Shields        | 3 |  3.7
Armour         | 3 |  3.5
Maces & Flails | 1 2 3 |  3.2
Dodging        | 1 |  1.0
Throwing       | |  0.9
Stealth        | |  0.2

Action                   |  1- 3 |  4- 6 || total
-------------------------+-------+-------++-------
Melee: War axe           |    25 |    17 ||    42
       Kick              |     9 |    27 ||    36
       Headbutt          |     5 |    23 ||    28
       Mace              |       |   101 ||   101
Throw: Boomerang         |     2 |       ||     2
       Dart              |       |     2 ||     2
  Use: Potion            |     6 |     2 ||     8
       Scroll            |     4 |     2 ||     6
Armor: Scale mail        |     4 |    41 ||    45
Dodge: Dodged            |     8 |    52 ||    60
Block: Buckler           |    18 |    62 ||    80
